 Dungeon Crawl Stone Soup version 0.31.0-11-ge490571c62 (console) character file.

Game seed: 12510679045728991868

1521 jejorda2 the Ruffian (level 8, -5/70 HPs)
             Began as a Pale Draconian Monk on Jan 31, 2024.
             Slain by an orc warrior
             ... wielding a +1 antimagic trident
              (15 damage)
             ... on level 6 of the Dungeon.
             The game lasted 00:15:34 (5906 turns).

jejorda2 the Ruffian (Pale Draconian Monk)          Turns: 5906, Time: 00:15:34

Health: -5/70      AC:  9    Str: 15    XL:     8   Next: 54%
Magic:  1/8        EV: 12    Int: 11    God:
Gold:   355        SH:  0    Dex: 14    Spells: 7/7 levels left

rFire   + .          .
                       - Unarmed
rCold   + . .        (no shield)
rNeg    . . .        (body armour unavailable)
rPois   .            l - +2 hat
rElec   .            b - scarf {rC+ rF+}
rCorr   .            i - +0 pair of gloves
SInv    .            (no boots)
Will    .....        (no amulet)
Stlth   +            (no ring)
HPRegen 0.31/turn    (no ring)
MPRegen 0.11/turn

%: no passive effects
@: short of breath
A: breathe steam, AC +6, unfitting armour, cold-blooded, steam resistance
a: Breathe Steam


You were on level 6 of the Dungeon.
You visited 1 branch of the dungeon, and saw 6 of its levels.
You also visited: Sewer.

You collected 427 gold pieces.
You spent 72 gold pieces at shops.

Inventory:

Hand Weapons
 q - a +1 dagger of protection
Missiles
 g - a curare-tipped dart
 n - 15 poisoned darts
 o - an atropa-tipped dart
 s - 2 javelins
 v - 3 boomerangs
Armour
 b - a scarf of resistance (worn)
 i - a +0 pair of gloves (worn)
 l - a +2 hat (worn)
Jewellery
 w - a ring of magical power
Talismans
 t - a flux talisman
Wands
 p - a wand of flame (1)
 u - a wand of digging (4)
Scrolls
 c - 3 scrolls of immolation
 e - 2 scrolls of teleportation
 f - 2 scrolls of blinking
 x - a scroll of enchant weapon
Potions
 a - 5 potions of ambrosia
 d - 2 potions of lignification
 j - a potion of attraction
 k - a potion of invisibility
 z - 2 potions of curing {unknown}
 A - 2 potions of heal wounds
 B - a potion of degeneration {unknown}


   Skills:
 - Level 6.0 Fighting
 - Level 2.6 Dodging
 + Level 6.8 Unarmed Combat
 * Level 6.7 Shapeshifting


You had 7 spell levels left.
You didn't know any spells.
Your spell library contained the following spells:

 Spells                   Type           Power      Damage    Failure   Level
 Kiss of Death            Conj/Necr      0%         2d5       34%         1
 Call Imp                 Summ           0%         N/A       47%         2
 Scorch                   Fire           0%         2d5       47%         2
 Sublimation of Blood     Necr           0%         N/A       47%         2
 Call Canine Familiar     Summ           0%         N/A       71%         3
 Confusing Touch          Hex            0%         N/A       71%         3
 Sigil of Binding         Hex            0%         N/A       71%         3
 Stone Arrow              Conj/Erth      0%         3d7       71%         3
 Dimensional Bullseye     Hex/Tloc       0%         N/A       98%         4
 Dispel Undead            Necr           0%         3d6       98%         4
 Flame Wave               Conj/Fire      0%         2d4       98%         4
 Summon Cactus Giant      Summ           0%         N/A       100%        6
 Summon Hydra             Summ           0%         N/A       100%        7
 Lehudib's Crystal Spear  Conj/Erth      0%         10d2      100%        8
 Animate Armour           Summ/Erth      Unusable   N/A       N/A         4

Dungeon Overview and Level Annotations

Branches:
Dungeon (6/15)              Sewer (visited)
 Temple: D:4-7

Altars:
Elyvilon
Trog

Shops:
D:4 (


Innate Abilities, Weirdness & Mutations

You can breathe blasts of scalding, opaque steam.
Your pale cyan-grey scales are hard. (AC +6)
You cannot fit into any form of body armour.
You are cold-blooded and may be slowed by cold attacks.
You are immune to the effects of steam.


Message History

Aim: an orc, wielding a +0 hand axe and wearing a +0 ring mail (75% to hit)
You exhale a blast of scalding steam.
The ball of steam hits the orc wizard!
The orc wizard is severely wounded.
The ball of steam misses the orc warrior.
The orc wizard hits you but does no damage.
You feel a bit more experienced.
The orc warrior is engulfed in a cloud of scalding steam.
The orc warrior hits you from afar with a +1 antimagic trident!
* * * LOW HITPOINT WARNING * * *
You feel your power leaking away.
Unknown command.
Unknown command.
Unknown command.
The orc wizard is engulfed in a cloud of scalding steam.
The orc wizard hits you but does no damage.
You closely miss the orc wizard.
The orc wizard is almost dead.
The orc wizard gestures at you while chanting.
The puff of flame hits you but does no damage.
The orc warrior closely misses you.
You hit the orc wizard but do no damage.
You punch the orc wizard, but do no damage.
The orc wizard is almost dead.
The orc wizard gestures at you while chanting.
The puff of flame hits you. You resist.
* * * LOW HITPOINT WARNING * * *
The orc warrior hits you but does no damage.
An orc comes into view. It is wielding a +0 mace.
Unknown command.
Items here: )) †.
The orc warrior attacks as it pursues you!
The orc warrior misses you.
Items here: ( ) †.
The orc warrior attacks as it pursues you!
The orc warrior hits you from afar with a +1 antimagic trident.
* * * LOW HITPOINT WARNING * * *
You punch the orc wizard!
You kill the orc wizard!
The orc warrior hits you from afar with a +1 antimagic trident!
You die...

#,#..####.........* *,***,**
#.#.### #.........** *,,,,,**
#.....# #.........,* ********
###.#.###.........,* *####** #
#.#.........##..,* ###*#....*,
###.#########.#**#** #.##.....*,
...........,,.# ##.'......*+
#.#.##################..'.[....,,
#.#.#...........@)oo.)).'......,,
#.#.#.###############)#.##.....,,
#.#.#......# *,,,.§..##**....,,
#.#.######.# *,#.o..##****###**
#.#.# #.#****,#.#..o,,*******
..#.# #.#*,,,,#.##..,,,,,,,,*
..#.# #.#**,**#,*##.#**,,,*,**
.##.# #.#,,,,,,,,,,..,,,,,*,,,
.##.# #.#,,,,,,,***,****,,****


You could see an orc warrior and an orc.

Vanquished Creatures
  Eustachio (D:4)
  Duvessa (D:5)
  Pargi (Sewer)
  2 ice beasts (D:5)
  An ogre (D:5)
  2 kobold brigands (D:6)
  A brain worm (Sewer)
  2 scorpions
  Dowan (D:5)
  A howler monkey (D:5)
  2 bombardier beetles
  Ijyb (D:3)
  A jelly (D:6)
  2 sleepcaps
  3 orc wizards
  Natasha (thrice) (D:1)
  4 gnolls (D:4)
  A river rat (D:3)
  2 adders
  A white imp (D:5)
  2 ufetubi (D:5)
  A ribbon worm (D:2)
  4 dart slugs
  13 orcs
  5 ball pythons
  3 endoplasms
  4 giant cockroaches (D:3)
  11 goblins
  9 hobgoblins
  10 kobolds
  6 quokkas
  11 bats
  3 frilled lizards
  7 rats
122 creatures vanquished.

Vanquished Creatures (others)
  A scorpion (D:5)
1 creature vanquished.

Grand Total: 123 creatures vanquished

Notes
Turn   | Place    | Note
-------+----------+-------------------------------------------
     0 | D:1      | jejorda2 the Draconian Monk began the quest for the Orb.
     0 | D:1      | Reached XP level 1. HP: 19/19 MP: 1/1
   207 | D:1      | Reached XP level 2. HP: 26/26 MP: 2/2
   472 | D:1      | Reached skill level 1 in Shapeshifting
   582 | D:2      | Noticed Natasha
   595 | D:1      | Killed Natasha
   596 | D:1      | Reached XP level 3. HP: 13/33 MP: 3/3
   782 | D:1      | Noticed Natasha
   792 | D:1      | Killed Natasha
   793 | D:1      | Reached XP level 4. HP: 37/40 MP: 4/4
   947 | D:1      | Noticed Natasha
   961 | D:1      | Killed Natasha
  1817 | D:3      | Reached XP level 5. HP: 34/47 MP: 5/5
  1823 | D:3      | Found a glowing drain.
  1827 | Sewer    | Entered a sewer
  1907 | Sewer    | Noticed Pargi
  1922 | Sewer    | Killed Pargi
  1923 | Sewer    | Reached skill level 5 in Fighting
  1923 | Sewer    | Reached XP level 6. HP: 47/56 MP: 6/6
  2064 | D:3      | Found a white marble altar of Elyvilon.
  2154 | D:3      | Noticed Ijyb
  2167 | D:3      | Killed Ijyb
  3004 | D:4      | Noticed Eustachio
  3099 | D:3      | Reached skill level 5 in Unarmed Combat
  3437 | D:4      | Found Ekhloocev's Weapon Shop.
  3471 | D:4      | Bought 2 javelins for 72 gold pieces
  3558 | D:4      | Found a bloodstained altar of Trog.
  3575 | D:5      | Entered Level 5 of the Dungeon
  3725 | D:4      | Your scales start taking on a pale cyan-grey colour.
  3725 | D:4      | Reached XP level 7. HP: 34/62 MP: 7/7
  3725 | D:4      | Gained mutation: You are immune to the effects of steam.
                  | [Pale Draconian growth]
  3840 | D:4      | Killed Eustachio
  4161 | D:5      | Noticed Duvessa
  4174 | D:5      | Noticed Dowan
  4189 | D:5      | HP: 2/63 [Duvessa/+0 rapier (5)]
  4195 | D:5      | Killed Duvessa
  4197 | D:5      | Killed Dowan
  4198 | D:5      | Reached skill level 5 in Shapeshifting
  4319 | D:5      | Reached XP level 8. HP: 54/70 MP: 8/8
  5906 | D:6      | Slain by an orc warrior

Illustrated notes

Levels and vault maps discovered:
D:1:      evilmike_arrival_fibonacci_small, layout_basic, minmay_pentomino_t4
D:2:      layout_basic, nicolae_kite_square_tiling_tiny,
          kennysheep_generic_room_12, uniq_natasha
D:3:      layout_loops_corners, elyvilon_altar_5, gup_sewer_entry_bowl,
          minmay_misc_feat_roman, minmay_misc_feat_chi,
          corexii_item_surrounded_by_moat, dreamdust_mushroom_princess,
          minmay_cut_off, uniq_ijyb
D:4:      layout_cave_pools, trog_hazing_becter, serial_shops, shop,
          nicolae_houndstooth_variations, uniq_eustachio
D:5:      layout_basic, lemuel_flamethrower_2, uniq_duvessa
D:6:      cheibrodos_fertilizer, layout_basic, guppyfry_shop_venom, uniq_sigmund

Skill      XL: |  1  2  3  4  5  6  7  8 |
---------------+-------------------------+-----
Shapeshifting  | 1 2 3 5 6 |  6.7
Fighting       | 4 5 6 |  6.0
Unarmed Combat | 4 5 6 |  6.8
Dodging        | |  2.6

Action                     |  1- 3 |  4- 6 |  7- 9 || total
---------------------------+-------+-------+-------++-------
  Melee: Unarmed           |    79 |   249 |   166 ||   494
         Tailslap          |    12 |    34 |    33 ||    79
         Punch             |       |     6 |     8 ||    14
  Throw: Stone             |       |     2 |       ||     2
         Dart              |       |       |     2 ||     2
Ability: Breathe Steam     |       |       |     6 ||     6
    Use: Scroll            |       |    12 |     3 ||    15
         Potion            |       |     1 |     3 ||     4
   Stab: Sleeping          |     1 |     5 |     2 ||     8
         Distracted        |     1 |       |       ||     1
 Armour: Skin              |    39 |   168 |   107 ||   314
  Dodge: Dodged            |    56 |   155 |    68 ||   279
